 Dungeon Crawl Stone Soup version 0.31-a0-441-g867994ef1c (webtiles) character file.

Game seed: 3025273127901577155

4648 Dittersdorf the Protected (level 10, -3/65 HPs)
             Began as a Gargoyle Fighter on Aug 2, 2023.
             Was a Believer of Okawaru.
             Slain by a two-headed ogre
             ... wielding a +0 giant club
              (8 damage)
             ... on level 7 of the Dungeon.
             The game lasted 00:11:16 (7111 turns).

Dittersdorf the Protected (Gargoyle Fighter)        Turns: 7111, Time: 00:11:17

Health: -3/65      AC: 21    Str: 25    XL:     10   Next: 43%
Magic:  10/10      EV:  7    Int: 11    God:    Okawaru [**....]
Gold:   282        SH: 14    Dex:  9    Spells: 9/9 levels left

rFire   + . .        f - +9 flail "Vuaci" {flame, Int+3}
rCold   + . .        q - +0 tower shield
rNeg    + . .        A - +2 chain mail {rC+}
rPois   ∞            (no helmet)
rElec   +            (no cloak)
rCorr   .            g - +0 pair of gloves
SInv    .            (no boots)
Will    +....        (no amulet) Stlth
                     o - ring of protection from fire
HPRegen 0.30/turn    a - ring of willpower
MPRegen 0.12/turn

%: no passive effects
@: no status effects
A: sickness immunity, AC +7, negative energy resistance 1, electricity
resistance, torment resistance 1, petrification resistance
a: Renounce Religion, Heroism


You were on level 7 of the Dungeon.
You worshipped Okawaru.
Okawaru was pleased with you.
You visited 1 branch of the dungeon, and saw 9 of its levels.
You also visited: Ossuary.

You collected 282 gold pieces.

Inventory:

Hand Weapons
 f - the +9 flail "Vuaci" (weapon) {flame, Int+3}
   (You found it on level 4 of the Dungeon)

   Int:       It affects your intelligence (+3).
 n - a +4 heavy morningstar
Missiles
 z - 10 poisoned darts (quivered)
Armour
 g - a +0 pair of gloves (worn)
 q - a +0 tower shield (worn)
 A - a +2 chain mail of cold resistance (worn)
Jewellery
 a - a ring of willpower (right hand)
 l - a ring of wizardry
 o - a ring of protection from fire (left hand)
Wands
 d - a wand of acid (4)
 p - a wand of roots (17)
 y - a wand of flame (22)
Scrolls
 b - 3 scrolls of teleportation
 e - a scroll of silence {unknown}
 i - 2 scrolls of enchant weapon
 k - a scroll of torment {unknown}
 m - 3 scrolls of revelation
 r - a scroll of poison {unknown}
 t - a scroll of brand weapon
 u - a scroll of butterflies {unknown}
 v - a scroll of blinking
 B - a scroll of fear {unknown}
 C - a scroll of identify
Potions
 c - a potion of berserk rage {unknown}
 h - 3 potions of heal wounds
 j - 5 potions of enlightenment
 s - 2 potions of mutation
 w - a potion of magic
 x - a potion of haste


   Skills:
 + Level 8.9 Fighting
 + Level 7.8 Maces & Flails
 + Level 8.9 Armour
 + Level 8.9 Shields


You had 9 spell levels left.
You didn't know any spells.
Your spell library contained the following spells:

 Spells                   Type           Power      Damage    Failure   Level
 Foxfire                  Conj/Fire      0%         2x1d4     99%         1
 Wereblood                Tmut           0%         N/A       100%        2
 Ozocubu's Armour         Ice            0%         N/A       100%        3
 Leda's Liquefaction      Hex/Erth       0%         N/A       100%        4
 Lee's Rapid Deconstruct  Erth           0%         3d4*      100%        5
 Metabolic Englaciation   Hex/Ice        0%         N/A       100%        5
 Leda's Unmaking          Conj/Erth      0%         9d1       100%        6
 Plasma Beam              Fire/Air       0%         2x1d10    100%        6
 Starburst                Conj/Fire      0%         6d3       100%        6
 Sublimation of Blood     Necr           Unusable   N/A       N/A         2
 Simulacrum               Ice/Necr       Unusable   N/A       N/A         6
 Summon Hydra             Summ           Unusable   N/A       N/A         7

Dungeon Overview and Level Annotations

Branches:
Dungeon (9/15)             Temple (0/1) D:7         Ossuary (visited)
   Lair: D:8-11         Orc: D:9-12

Altars:
Cheibriados
Elyvilon
Hepliaklqana
Makhleb
Nemelex Xobeh
Okawaru
Ru
Trog
Uskayaw
Vehumet
Zin


Innate Abilities, Weirdness & Mutations

You are immune to sickness and miasma.
Your stone body is resilient. (AC +7)
You are immune to poison.
You resist negative energy. (rN+)
You are resistant to electric shocks. (rElec)
You are resistant to unholy torment.
You are immune to petrification.


Message History

The bullfrog misses you. You block the two-headed ogre's attack.
The two-headed ogre hits you with a +0 giant spiked club!
The bullfrog hits you but does no damage.
You closely miss the bullfrog.
The bullfrog is heavily wounded.
You block the bullfrog's attack. x2
You sock the bullfrog! You burn the bullfrog.
You kill the bullfrog!
Okawaru accepts your kill.
The two-headed ogre hits you but does no damage.
You block the two-headed ogre's attack.
The two-headed ogre attacks as you move away!
You block the two-headed ogre's attack. x2
Throw: 12 darts (poison)
Press: ? - help, Q - select action, (/) - cycle Shift-Dir - straight line, f - two-headed ogre
Aim: a two-headed ogre, wielding a +0 giant club and a +0 giant spiked club (72% to hit)
You throw a poisoned dart.
The poisoned dart hits the two-headed ogre.
The two-headed ogre is poisoned.
The two-headed ogre hits you but does no damage.
The two-headed ogre barely misses you.
Throw: 11 darts (poison)
Press: ? - help, Q - select action, (/) - cycle Shift-Dir - straight line, f/p - two-headed ogre
Aim: a two-headed ogre, wielding a +0 giant club and a +0 giant spiked club (poisoned, 72% to hit)
You throw a poisoned dart.
The poisoned dart hits the two-headed ogre.
The two-headed ogre looks even sicker.
You block the two-headed ogre's attack.
The two-headed ogre hits you with a +0 giant spiked club!!
* * * LOW HITPOINT WARNING * * *
The two-headed ogre attacks as you move away!
The two-headed ogre hits you with a +0 giant club.
* * * LOW HITPOINT WARNING * * *
The two-headed ogre hits you with a +0 giant spiked club.
* * * LOW HITPOINT WARNING * * *
The two-headed ogre attacks as you move away!
The two-headed ogre hits you with a +0 giant club.
* * * LOW HITPOINT WARNING * * *
The two-headed ogre hits you with a +0 giant spiked club!
You die...

#.....)...........#######...
##......###..#...#.....######
#....#### #......#####..###..
#....# #.##...............
#....# #.############..#..
#....# #.#### ##.#..
#....######....# #....
#........##....# ###..
#....#.#.##.@..####### ###
#....#.....#O.##.....## #..
#########..#..#...)...#####..
##.#...(..<..........
#.....♣...[.♣.####..
#########.....(.......#.....
#.......##......♣.♣.....###.
#...###...............#####.
###........##.♣.....♣.......


You could see a two-headed ogre (very poisoned).

Vanquished Creatures
  Erolcha (D:9)
  A hornet (D:8)
  A shadow (D:9)
  Menkaure (Ossuary)
  2 acid dragons
  2 water moccasins
  2 sky beasts
  2 black bears
  3 orc warriors
  2 ogres (D:6)
  2 centaurs
  A phantom (D:4)
  A kobold brigand (D:6)
  4 bullfrogs (D:7)
  5 scorpions
  4 wights (D:9)
  3 howler monkeys (D:8)
  A gnoll bouda (D:5)
  5 hounds
  4 jellies
  5 orc priests
  6 iguanas
  6 orc wizards
  2 sleepcaps (D:5)
  4 mummies
  5 gnolls (D:5)
  7 adders
  A shadow imp (D:7)
  3 worms
  3 dart slugs (D:2)
  21 orcs
  7 ball pythons
  4 bats
  7 endoplasms
  3 giant cockroaches
  3 gnoll zombies (Ossuary)
  10 goblins
  6 hobgoblins
  2 jackals (D:2)
  A quokka (D:1)
  2 frilled lizards (D:1)
  4 gnoll skeletons (Ossuary)
  7 goblin skeletons (Ossuary)
  6 goblin zombies (Ossuary)
  2 hobgoblin skeletons (Ossuary)
  5 hobgoblin zombies
  15 kobolds
  3 kobold skeletons (Ossuary)
  6 kobold zombies
  3 orc skeletons (Ossuary)
  4 orc zombies
  3 rats
  6 rat skeletons (Ossuary)
  5 rat zombies (Ossuary)
224 creatures vanquished.

Vanquished Creatures (others)
  A wizard (D:3)
  A kobold (D:9)
2 creatures vanquished.

Grand Total: 226 creatures vanquished

Notes
Turn   | Place    | Note
-------+----------+-------------------------------------------
     0 | D:1      | Dittersdorf the Gargoyle Fighter began the quest for the
                  | Orb.
     0 | D:1      | Reached XP level 1. HP: 14/14 MP: 1/1
   235 | D:1      | Reached XP level 2. HP: 19/19 MP: 2/2
  1200 | D:2      | Reached XP level 3. HP: 22/24 MP: 3/3
  1501 | D:2      | Found a faded altar of an unknown god.
  1679 | D:2      | Reached XP level 4. HP: 29/29 MP: 4/4
  2040 | D:3      | Found a sacrificial altar of Ru.
  2073 | D:3      | Found a bloodstained altar of Trog.
  2074 | D:3      | Noticed a wizard
  2079 | D:3      | Killed a wizard
  2142 | D:3      | Found a sparkling altar of Nemelex Xobeh.
  2722 | D:4      | Found a snail-covered altar of Cheibriados.
  2728 | D:4      | Noticed a black bear
  2730 | D:4      | Identified the +9 flail "Vuaci" {flame, Int+3}
  2744 | D:4      | Found a sand-covered staircase.
  2752 | Ossuary  | Entered an ossuary
  3120 | Ossuary  | Reached XP level 5. HP: 33/33 MP: 5/5
  3121 | Ossuary  | Noticed Menkaure
  3129 | Ossuary  | Killed Menkaure
  3130 | Ossuary  | Reached XP level 6. HP: 39/39 MP: 6/6
  3411 | D:4      | Killed a black bear
  3412 | D:4      | Reached skill level 5 in Fighting
  3412 | D:4      | Reached skill level 5 in Armour
  3412 | D:4      | Reached skill level 5 in Shields
  3412 | D:4      | Reached XP level 7. HP: 44/44 MP: 7/7
  3739 | D:4      | Found a hide-covered altar of Uskayaw.
  4011 | D:5      | Entered Level 5 of the Dungeon
  4061 | D:5      | Reached XP level 8. HP: 51/51 MP: 8/8
  4258 | D:5      | Reached skill level 5 in Maces & Flails
  4543 | D:5      | Found a radiant altar of Vehumet.
  4613 | D:5      | Found a hazy altar of Hepliaklqana.
  4896 | D:6      | Reached XP level 9. HP: 56/56 MP: 9/9
  5103 | D:6      | Found an iron altar of Okawaru.
  5109 | D:6      | Found a white marble altar of Elyvilon.
  5117 | D:6      | Became a worshipper of Warmaster Okawaru
  5144 | D:6      | You fall into a shaft and drop 3 floors!
  5416 | D:9      | Noticed Erolcha
  5453 | D:9      | Killed Erolcha
  5453 | D:9      | Reached * piety under Okawaru
  5657 | D:8      | Noticed a hornet
  5664 | D:8      | Killed a hornet
  5665 | D:8      | Reached XP level 10. HP: 43/64 MP: 10/10
  5972 | D:7      | Reached ** piety under Okawaru
  6611 | D:7      | Found a staircase to the Ecumenical Temple.
  6958 | D:8      | Found a burning altar of Makhleb.
  6963 | D:8      | Found a glowing silver altar of Zin.
  6963 | D:8      | Noticed a cacodemon
  6963 | D:8      | Noticed an angel
  6975 | D:8      | Noticed a two-headed ogre
  7111 | D:7      | Slain by a two-headed ogre

Illustrated notes

Levels and vault maps discovered:
D:1:      heliophobic_arrival_ceremonial_halls, layout_loops_corners
D:2:      layout_loops_corners, serial_rivers, chequers_serial_rivers_room_b,
          chequers_serial_rivers_small_b, chequers_serial_rivers_room_a,
          chequers_serial_rivers_micro_c, ebering_ecumenical_altar_hall
D:3:      layout_basic, trog_wizard, mainiacjoe_overflow_swirl,
          hangedman_glass_teeth
D:4:      layout_basic, nicolae_uskayaw_dance_hall,
          mainiacjoe_overflow_small_starburst, nicolae_ossuary_entry_plus,
          serial_bayou, serial_bayou_lagoon_a, serial_bayou_crossing,
          serial_bayou_lagoon_b, serial_bayou_pond_b
D:5:      layout_rooms, old_standard_altar, kennysheep_little_box,
          kennysheep_big_empty_room, nicolae_letterblocks
          [nicolae_letter_subblock, nicolae_letter_subblock,
          nicolae_letter_subblock, nicolae_letter_subblock,
          nicolae_letter_subblock, nicolae_letter_subblock,
          nicolae_letter_subblock, nicolae_letter_subblock,
          nicolae_letter_subblock, nicolae_letter_subblock,
          nicolae_letter_subblock, nicolae_letter_subblock,
          nicolae_letter_subblock, nicolae_letter_subblock,
          nicolae_letter_subblock, nicolae_letter_subblock,
          nicolae_letter_subblock, nicolae_letter_subblock,
          nicolae_letter_subblock, nicolae_letter_subblock,
          nicolae_letter_subblock, nicolae_letter_subblock,
          nicolae_letter_subblock, nicolae_letter_subblock,
          nicolae_letter_subblock]
D:6:      layout_gridville, grunt_temple_overflow_open
D:7:      layout_rooms, minmay_temple_entry_trees, grunt_ministairs_10,
          minmay_mini_ossuary
D:8:      layout_layer_cave, grunt_temple_overflow_order_and_chaos_2,
          grunt_ministairs_11, patterned_corridor, uniq_grum
D:9:      layout_basic, nicolae_xom_altar_mimics, due_lair_maze_entry_diamond,
          uniq_erolcha

Skill      XL: |  1  2  3  4  5  6  7  8  9 |
---------------+----------------------------+-----
Fighting       | 4 5 6 8 |  8.9
Shields        | 4 5 6 8 |  8.9
Armour         | 4 5 6 8 |  8.9
Maces & Flails | 3 4 5 7 |  7.8

Action                     |  1- 3 |  4- 6 |  7- 9 | 10-12 || total
---------------------------+-------+-------+-------+-------++-------
  Melee: Flail             |   116 |   161 |   191 |    96 ||   564
  Throw: Dart              |       |       |     2 |     2 ||     4
  Evoke: Wand              |       |       |     2 |       ||     2
    Use: Scroll            |       |     7 |     4 |     4 ||    15
         Potion            |       |       |     5 |       ||     5
 Armour: Scale mail        |    71 |     5 |       |       ||    76
         Chain mail        |       |    81 |    99 |    65 ||   245
  Dodge: Dodged            |    56 |    52 |    56 |    28 ||   192
  Block: Buckler           |    18 |    39 |    46 |    10 ||   113
         Tower shield      |       |       |       |    30 ||    30

Table legend: (Time is in decaauts)
 A = Elapsed time spent in this place.
 B = Non-inter-level travel time spent in this place.
 C = Inter-level travel time spent in this place.
 D = Time resting spent in this place.
 E = Time spent auto-exploring this place.
 F = Levels seen in this place.
 G = Mean time per level.
                   A        B        C        D        E       F      G
               +--------+--------+--------+--------+--------+-----+--------+
         Total |   7287 |   7062 |    225 |    711 |   4661 |  10 |  728.7 |
       Dungeon |   6630 |   6405 |    225 |    458 |   4500 |   9 |  736.7 |
       Ossuary |    656 |    656 |      0 |    253 |    161 |   1 |  656.0 |
               +--------+--------+--------+--------+--------+-----+--------+

Top non-repeatable levels by time:
     D:2: 1013 daAuts
     D:1: 1006 daAuts
     D:5: 785 daAuts
     D:6: 759 daAuts
     D:3: 748 daAuts
     D:4: 747 daAuts
     D:7: 672 daAuts
 Ossuary: 656 daAuts
     D:9: 503 daAuts
     D:8: 392 daAuts
